 Dungeon Crawl Stone Soup version 0.19.4-10-g532645f (webtiles) character file.

411 volk64 the Stinger (level 6, -11/48 HPs)
             Began as a Ghoul Venom Mage on Feb 23, 2017.
             Was an Initiate of Vehumet.
             Mangled by an ogre
             ... wielding a +0 giant club
              (12 damage)
             ... on level 5 of the Dungeon.
             The game lasted 00:19:44 (3737 turns).

volk64 the Stinger (Ghoul Venom Mage)               Turns: 3737, Time: 00:19:45

Health: -11/48     AC:  2    Str: 12    XL:     6   Next: 90%
Magic:  2/9        EV: 12    Int: 12    God:    Vehumet [......]
Gold:   193        SH:  0    Dex:  9    Spells: 3 memorised, 2 levels left

rFire  . . .     SeeInvis .     g - +1 whip (venom)
rCold  + . .     Gourm    .     a - +0 robe
rNeg   + + +     Faith    .     (no shield)
rPois  ∞         Spirit   .     (no helmet)
rElec  .         Reflect  .     (no cloak)
rCorr  .         Harm     .     (no gloves)
MR     .....                    (no boots)
Stlth  ++........               (no amulet)
                                (no ring)
                                (no ring)

@: very slightly contaminated, rotting
A: rotting body, claws 1, carnivore 3, cold resistance 1, negative energy
resistance 3, slow regeneration 1, torment resistance, unbreathing
a: Renounce Religion


You were on level 5 of the Dungeon.
You worshipped Vehumet.
Vehumet was noncommittal.
You were not hungry.

You visited 2 branches of the dungeon, and saw 6 of its levels.

You collected 193 gold pieces.

Inventory:

Hand Weapons
 g - a +1 whip of venom (weapon)
 i - a +1 mace of draining
Armour
 a - a +0 robe (worn)
Wands
 d - a wand of flame (35/48)
Scrolls
 e - 2 scrolls of remove curse
 f - a scroll of recharging
 p - 2 scrolls of identify
 q - a scroll of fear
Potions
 k - a potion of heal wounds
 l - a potion of curing
 m - a potion of flight {unknown}
 n - a potion of agility {unknown}
 r - 2 potions of mutation {unknown}
Books
 b - a Young Poisoner's Handbook

   Spells                             Type                      Level
   a - Sting                          Conjuration/Poison           1
   b - Mephitic Cloud                 Conjuration/Poison/Air       3
   c - Olgreb's Toxic Radiance        Poison                       4
   d - Alistair's Intoxication        Transmutation/Poison         5
   e - Venom Bolt                     Conjuration/Poison           5
Comestibles
 c - a meat ration
 h - a beef jerky
 j - a royal jelly


   Skills:
 + Level 1.9 Fighting
 + Level 1.6 Maces & Flails
 + Level 2.6 Dodging
 + Level 3.5 Stealth
 + Level 0.2 Unarmed Combat
 + Level 2.9 Spellcasting
 + Level 1.4 Conjurations
 + Level 0.4 Air Magic
 + Level 5.2 Poison Magic


You had 2 spell levels left.
You knew the following spells:

 Your Spells              Type           Power        Failure   Level  Hunger
a - Sting                 Conj/Pois      #...         8%          1    #......
b - Mephitic Cloud        Conj/Pois/Air  #.......     30%         3    ###....
c - Olgreb's Toxic Radia  Pois           ##......     28%         4    #####..


Dungeon Overview and Level Annotations

Branches:
Dungeon (5/15)             Temple (1/1) D:4

Altars:
Cheibriados
Gozag
Kikubaaqudgha
Okawaru
Uskayaw
Vehumet
Xom
Yredelemnul


Innate Abilities, Weirdness & Mutations

Your body is rotting away.
You thrive on raw meat.
You are immune to poison.
You have sharp fingernails.
You are carnivorous and can eat meat at any time.
Your flesh is cold resistant. (rC+)
You are immune to negative energy. (rN+++)
You regenerate slowly when monsters are visible.
You are immune to unholy pain and torment.
You can survive without breathing.


Message History

No target in view!
Okay, then.
Magic restored.
An ogre comes into view. It is wielding a giant club.
Casting: Sting
Confirm with . or Enter, or press ? or * to list all spells.
You miscast Olgreb's Toxic Radiance.
Casting: Olgreb's Toxic Radiance
Confirm with . or Enter, or press ? or * to list all spells.
You begin to radiate toxic energy.
The ogre is poisoned.
The ogre looks even sicker.
Your toxic aura wanes.
The ogre hits you with a giant club!!
You hit the ogre.
The ogre is lightly wounded.
The ogre hits you with a giant club!
* * * LOW HITPOINT WARNING * * *
You start eating the meat ration.
The ogre hits you with a giant club!
Keep eating?
You die...

....####..
.......... .#
##..####.# ##.##
#..# #...## #..#
..... #..# #...
#..#### #..
#.....# #O#
##.##.# #@#
#^##.# #######.#
#.##.###.......#
#.#...##.#######
#........#
###...####
......## #######


You could see an ogre.

Vanquished Creatures
  A scorpion (D:4)
  A crimson imp (D:5)
  2 hounds
  A centaur skeleton (D:4)
  2 bullfrog skeletons (D:4)
  An orc wizard (D:1)
  A worker ant (D:4)
  Robin (D:2)
  4 adders
  5 dart slugs
  2 leopard geckos
  11 orcs
  A giant cockroach (D:3)
  16 goblins
  8 hobgoblins
  A quokka (D:3)
  3 bats
  6 frilled lizards
  6 kobolds
  7 rats
  A butterfly (D:4)
81 creatures vanquished.

Notes
Turn   | Place    | Note
-------+----------+-------------------------------------------
     0 | D:1      | volk64 the Ghoul Venom Mage began the quest for the Orb.
     0 | D:1      | Reached XP level 1. HP: 14/14 MP: 2/2
   226 | D:1      | Reached XP level 2. HP: 20/20 MP: 0/3
   793 | D:1      | Reached XP level 3. HP: 17/26 MP: 1/5
   797 | D:1      | Reached skill level 1 in Conjurations
   966 | D:2      | Learned a level 3 spell: Mephitic Cloud
  1007 | D:2      | Found a shimmering altar of Xom.
  1173 | D:2      | Reached XP level 4. HP: 33/33 MP: 3/6
  1244 | D:2      | Noticed Robin
  1268 | D:2      | Killed Robin
  1996 | D:3      | Reached XP level 5. HP: 27/39 MP: 3/7
  2010 | D:3      | Reached skill level 1 in Maces & Flails
  2043 | D:3      | Learned a level 4 spell: Olgreb's Toxic Radiance
  2249 | D:3      | Reached skill level 5 in Poison Magic
  2514 | D:4      | Found a staircase to the Ecumenical Temple.
  2530 | Temple   | Entered the Ecumenical Temple
  2564 | Temple   | Became a worshipper of Vehumet
  2794 | D:4      | Reached skill level 1 in Fighting
  2794 | D:4      | Reached XP level 6. HP: 23/47 MP: 8/8
  3676 | D:5      | Entered Level 5 of the Dungeon
  3736 | D:5      | HP: 1/48 [ogre/giant club (17)]
  3737 | D:5      | Mangled by an ogre

Skill      XL: |  1  2  3  4  5 |
---------------+----------------+-----
Spellcasting   | 2 |  2.9
Dodging        | 2 |  2.6
Conjurations   | 1 |  1.4
Maces & Flails | 1 |  1.6
Poison Magic   | 5 |  5.2
Stealth        | 3 |  3.5
Fighting       | 1 |  1.9
Unarmed Combat | |  0.2
Air Magic      | |  0.4

Action                   |  1- 3 |  4- 6 || total
-------------------------+-------+-------++-------
Melee: Unarmed           |    11 |       ||    11
       Whip              |    40 |   176 ||   216
 Cast: Sting             |    24 |    29 ||    53
       Mephitic Cloud    |       |     8 ||     8
       Olgreb's Toxic Ra |       |     5 ||     5
  Use: Scroll            |     7 |     2 ||     9
       Potion            |     2 |     3 ||     5
 Stab: Sleeping          |     1 |     2 ||     3
       Confused          |       |     3 ||     3
  Eat: Chunk             |     9 |    17 ||    26
Armor: Robe              |     6 |    18 ||    24
Dodge: Dodged            |    27 |   113 ||   140
